 Dungeon Crawl Stone Soup version 0.20.1-1-g8b1a95d (webtiles) character file.

73748 Inchmeat the Warrior (level 15, -1/112 HPs)
             Began as a Gargoyle Monk on Oct 24, 2017.
             Was the Champion of the Shining One.
             Slain by a deep elf mage
             ... wielding a +0 short sword
              (5 damage)
             ... on level 1 of the Elven Halls.
             The game lasted 01:19:41 (27767 turns).

Inchmeat the Warrior (Gargoyle Monk)               Turns: 27767, Time: 01:19:42

Health: -1/112     AC: -1    Str: 18    XL:     15   Next: 44%
Magic:  0/22       EV: 13    Int: 17    God:    the Shining One [******]
Gold:   841        SH:  7    Dex: 12    Spells: 14/14 levels left

rFire    + . .     SeeInvis .   r - +2 eveningstar (freeze)
rCold    + . .     Gourm    .   i - +2 buckler
rNeg     + + +     Faith    .   y - +2 ring mail {MR+}
rPois    ∞         Spirit   +   f - +1 hat {Int+3}
rElec    +         Reflect  .   n - +1 cloak {rC+}
rCorr    .         Harm     .   D - +0 pair of gloves
MR       ++...                  w - +0 pair of boots
Stlth    +.........             V - amulet of guardian spirit
Regen    0.3/turn               H - ring of protection from fire
MPRegen  0.2/turn               T - +2 ring of evasion

@: corroded, glowing
A: big wings, negative energy resistance 1, electricity resistance, unbreathing,
petrification resistance, rot immunity, AC +11
a: Fly, Divine Shield, Cleansing Flame, Summon Divine Warrior, Brand Weapon With
Holy Wrath, Renounce Religion


You were on level 1 of the Elven Halls.
You worshipped the Shining One.
The Shining One was exalted by your worship.
You were near starving.

You visited 4 branches of the dungeon, and saw 22 of its levels.
You also visited: Labyrinth and Ice Cave.

You collected 2240 gold pieces.
You spent 1399 gold pieces at shops.

Inventory:

Hand Weapons
 a - a +0 scimitar of flaming
 q - a +1 whip of electrocution
 r - a +2 eveningstar of freezing (weapon)
 u - a +0 morningstar
 M - a +2 flail of protection
Armour
 f - a +1 hat of intelligence (worn)
 i - a +2 buckler (worn)
 n - a +1 cloak of cold resistance (worn)
 w - a +0 pair of boots (worn)
 y - a +2 ring mail of magic resistance (worn)
 D - a +0 pair of gloves (worn)
Jewellery
 H - a ring of protection from fire (left hand)
 J - an uncursed ring of ice
 T - a +2 ring of evasion (right hand)
 V - an amulet of guardian spirit (around neck)
Wands
 e - a wand of acid (3/15)
 x - a wand of digging (15/24)
 z - a wand of disintegration (5/24)
Scrolls
 b - a scroll of teleportation
 l - 9 scrolls of remove curse
 p - 5 scrolls of recharging
 t - 6 scrolls of noise
 A - a scroll of amnesia
 E - a scroll of holy word
 I - a scroll of magic mapping
 L - 2 scrolls of immolation
 N - 2 scrolls of enchant armour
 Q - a scroll of summoning
 R - a scroll of acquirement {unknown}
Potions
 j - 3 potions of flight
 m - a potion of invisibility
 v - 3 potions of cancellation
 C - 4 potions of curing
 G - 2 potions of lignification
 K - 4 potions of might
 Z - 2 potions of magic
Books
 g - a book of Air

   Spells                             Type                      Level
   a - Shock                          Conjuration/Air              1
   b - Swiftness                      Charms/Air                   2
   c - Static Discharge               Conjuration/Air              3
   d - Airstrike                      Air                          4
   e - Lightning Bolt                 Conjuration/Air              5
 o - a book of Enchantments

   Spells                             Type                      Level
   a - Cause Fear                     Hexes                        4
   b - Yara's Violent Unravelling     Hexes/Transmutation          5
   c - Silence                        Hexes/Air                    5
   d - Deflect Missiles               Charms/Air                   6
   e - Discord                        Hexes                        8
 s - a book of Battle

   Spells                             Type                      Level
   a - Infusion                       Charms                       1
   b - Shroud of Golubria             Charms/Translocation         2
   c - Song of Slaying                Charms                       2
   d - Spectral Weapon                Hexes/Charms                 3
   e - Regeneration                   Charms/Necromancy            3
 F - a Young Poisoner's Handbook

   Spells                             Type                      Level
   a - Sting                          Conjuration/Poison           1
   b - Poisonous Vapours              Poison/Air                   2
   c - Mephitic Cloud                 Conjuration/Poison/Air       3
   d - Olgreb's Toxic Radiance        Poison                       4
   e - Venom Bolt                     Conjuration/Poison           5
 O - a book of Minor Magic

   Spells                             Type                      Level
   a - Magic Dart                     Conjuration                  1
   b - Blink                          Translocation                2
   c - Call Imp                       Summoning                    2
   d - Slow                           Hexes                        2
   e - Conjure Flame                  Conjuration/Fire             3
   f - Mephitic Cloud                 Conjuration/Poison/Air       3
 Y - the Volume of Weightlessness and Protection
   (You found it on level 3 of the Lair of Beasts)

   Spells                             Type                      Level
   a - Infusion                       Charms                       1
   b - Swiftness                      Charms/Air                   2
   c - Summon Lightning Spire         Summoning/Air                4
   d - Deflect Missiles               Charms/Air                   6
Comestibles
 c - 12 bread rations
 d - 18 fruits
 h - 26 royal jellies
 k - 15 meat rations


   Skills:
 - Level 20.0 Fighting
 * Level 13.5 Maces & Flails
 - Level 9.2 Armour
 - Level 2.4 Dodging
 - Level 2.1 Stealth
 - Level 4.7 Shields
 * Level 9.4 Invocations


You had 14 spell levels left.
You didn't know any spells.

Dungeon Overview and Level Annotations

Branches:
Dungeon (14/15)            Temple (0/1) D:6            Lair (5/6) D:11
  Swamp (0/4) Lair:4        Snake (0/4) Lair:2        Slime (0/5) Lair:5
    Orc (2/2) D:12            Elf (1/3) Orc:2        Vaults (0/5) D:14

Altars:
Cheibriados
Dithmenos
Elyvilon
Nemelex Xobeh
Okawaru
Ru
Trog
Yredelemnul
The Shining One
Jiyva

Shops:
D:11 =   Orc:2 [:}?!!!

Annotations:
D:3 1 runed door
Lair:5 exclusion: 2 oklob plants
Elf:1 Asterion


Innate Abilities, Weirdness & Mutations

You are resistant to torment.
Your stone body is resilient. (AC +11)
You are immune to poison.
Your large and strong wings let you fly indefinitely.
You resist negative energy. (rN+)
You are resistant to electric shocks. (rElec)
You can survive without breathing.
You are immune to petrification.
You are immune to rotting.


Message History

* * * LOW HITPOINT WARNING * * *
The redback bites you!
* * * LOW HITPOINT WARNING * * *
The deep elf mage closely misses you. The hell rat misses you.
The orc wizard gestures at you while chanting.
The magic dart hits you!
* * * LOW HITPOINT WARNING * * *
Okay, then.
Okay, then.
You closely miss the deep elf mage.
The deep elf mage is almost dead.
The redback misses you. The rust devil hits you.
* * * LOW HITPOINT WARNING * * *
The rust devil corrodes you! The smoke demon barely misses you.
The smoke demon hits you.
* * * LOW HITPOINT WARNING * * *
You block the smoke demon's attack. The hell rat bites you.
* * * LOW HITPOINT WARNING * * *
The deep elf mage hits you with a short sword.
You die...

#.......#..⌠..#........#
##.......#.....#........#
#........#.....#........#
#.......................#
#.......................#
#.......................#
#...########o..######...#
#... ......#eo.# #...#
#... ......#@s.# #...#
#... ......34r.#....#...#
#... ......#...#....#...#
#... ......#...#....#...#
..... #...#....#...#
..... #...#... #...#
#######...#'####...#
...................#
...................#


You could see a rust devil, a deep elf mage, a smoke demon, a redback, a hell
rat, an orc wizard (invisible) and an orc.

Vanquished Creatures
  Rupert (Orc:2)
  Louise (Elf:1)
  A stone giant (Orc:2)
  Snorg (D:11)
  A minotaur (Lab)
  The ghost of antares the Grappler, a journeyman DrTm of Elyvilon (Lair:1)
  Josephine (Lair:4)
  Fannar (D:11)
  A catoblepas (D:14)
  4 hydras
  A centaur warrior (D:14)
  A dancing weapon (Elf:1)
  An orc high priest (Orc:1)
  3 death yaks (Lair:4)
  2 two-headed ogres
  4 tengu warriors
  Nergalle (Lair:4)
  A deep elf archer (Elf:1)
  A necromancer (D:14)
  2 ugly things (D:12)
  6 orc sorcerers (Orc:2)
  7 deep elf magi
  A manticore (D:12)
  3 black mambas
  Maurice (D:10)
  10 elephants
  4 spiny frogs
  A gargoyle (D:14)
  A torpor snail (Lair:4)
  2 efreet (D:14)
  2 kobold demonologists
  6 komodo dragons
  5 rime drakes (D:14)
  2 ice devils (D:14)
  A yaktaur (shapeshifter) (D:13)
  4 trolls
  6 polar bears
  A queen bee (Lair:3)
  A hornet (D:14)
  10 blink frogs
  12 hippogriffs
  Sigmund (D:4)
  2 centaur simulacra (D:14)
  11 wyverns
  3 vampires
  36 yaks
  A shadow (D:14)
  Eustachio (D:6)
  3 basilisks (D:14)
  A hungry ghost (D:8)
  7 wraiths
  A warg (Orc:2)
  4 vampire mosquitoes (D:12)
  An acid dragon (D:14)
  14 water moccasins
  Duvessa (D:4)
  3 hell hounds
  4 black bears
  6 porcupines
  18 orc warriors
  3 ice beasts
  2 phantoms
  6 sky beasts
  44 wolves
  14 ogres
  2 eyes of draining
  5 centaurs
  8 crocodiles
  The ghost of Dazliare the Magician, an amateur DEWz (D:3)
  4 big kobolds
  15 bullfrogs
  Dowan (D:4)
  5 scorpions
  29 killer bees
  An electric eel (Lair:2)
  6 wights (D:14)
  5 howler monkeys
  9 crimson imps
  4 centaur zombies
  2 quasits
  A bullfrog skeleton (D:10)
  7 jellies
  4 centaur skeletons
  32 orc priests
  A gnoll shaman (D:9)
  A hound (D:9)
  Crazy Yiuf (D:6)
  5 iguanas
  34 orc wizards
  A human skeleton (D:3)
  8 worker ants
  4 hound skeletons
  A worker ant zombie (D:8)
  A howler monkey zombie (D:8)
  10 gnolls
  12 adders
  3 shadow imps
  5 oozes (D:10)
  An adder skeleton (D:4)
  2 worms (D:2)
  3 dart slugs
  7 leopard geckos
  106 orcs
  6 bats
  4 giant cockroaches
  5 goblins
  10 hobgoblins
  2 jackals (D:3)
  19 kobolds
  3 quokkas
  A ball python (D:3)
  6 frilled lizards
  8 rats
714 creatures vanquished.

Vanquished Creatures (others)
  A wight (D:14)
  A kobold (D:7)
  3 fungi
  2 plants
7 creatures vanquished.

Grand Total: 721 creatures vanquished

Notes
Turn   | Place    | Note
-------+----------+-------------------------------------------
     0 | D:1      | Inchmeat the Gargoyle Monk began the quest for the Orb.
     0 | D:1      | Reached XP level 1. HP: 14/14 MP: 1/1
   115 | D:1      | Reached XP level 2. HP: 18/19 MP: 2/2
   544 | D:1      | Reached skill level 1 in Shields
   688 | D:2      | Reached XP level 3. HP: 23/23 MP: 3/3
   989 | D:2      | Found a basalt altar of Yredelemnul.
   997 | D:2      | Found a glowing golden altar of the Shining One.
   999 | D:2      | Noticed an angel
  1004 | D:2      | Became a worshipper of the Shining One
  1004 | D:2      | Reached * piety under the Shining One
  1004 | D:2      | Reached ** piety under the Shining One
  2137 | D:3      | Reached XP level 4. HP: 28/28 MP: 4/4
  2303 | D:3      | Noticed Dazliare's ghost (amateur DEWz)
  2365 | D:3      | Killed Dazliare's ghost
  2365 | D:3      | Reached XP level 5. HP: 32/32 MP: 5/5
  2649 | D:3      | Found a runed door.
  2649 | D:3      | Noticed a human
  2654 | D:3      | Found a basalt altar of Yredelemnul.
  2846 | D:3      | Noticed a big kobold
  2856 | D:3      | Killed a big kobold
  2856 | D:3      | Reached skill level 5 in Maces & Flails
  2856 | D:3      | Reached XP level 6. HP: 33/37 MP: 6/6
  3117 | D:4      | Found a shadowy altar of Dithmenos.
  3118 | D:4      | Found an iron altar of Okawaru.
  3476 | D:4      | Noticed Sigmund
  3815 | D:4      | Found a sparkling altar of Nemelex Xobeh.
  3848 | D:4      | Killed Sigmund
  3848 | D:4      | Reached XP level 7. HP: 41/41 MP: 7/7
  3890 | D:4      | Reached *** piety under the Shining One
  4082 | D:4      | Noticed Duvessa
  4083 | D:4      | Noticed Dowan
  4109 | D:4      | Killed Duvessa
  4109 | D:4      | Reached XP level 8. HP: 33/46 MP: 8/8
  4136 | D:4      | Killed Dowan
  4504 | D:5      | Entered Level 5 of the Dungeon
  4747 | D:5      | Found a snail-covered altar of Cheibriados.
  5012 | D:5      | Found a sacrificial altar of Ru.
  5174 | D:6      | Noticed Eustachio
  5200 | D:6      | Killed Eustachio
  5277 | D:6      | Found a runed door.
  5481 | D:6      | Reached skill level 10 in Maces & Flails
  5623 | D:6      | Found a staircase to the Ecumenical Temple.
  5653 | D:6      | Reached XP level 9. HP: 51/51 MP: 9/9
  5910 | D:6      | Noticed Crazy Yiuf
  5919 | D:6      | Killed Crazy Yiuf
  6639 | D:7      | Got a faintly glowing falchion
  7130 | D:8      | Reached **** piety under the Shining One
  7161 | D:8      | Reached XP level 10. HP: 56/56 MP: 10/10
  7573 | D:8      | Found a bloodstained altar of Trog.
  7999 | D:9      | Reached skill level 4 in Fighting
  8384 | D:9      | Reached skill level 5 in Fighting
  8557 | D:9      | Reached skill level 6 in Fighting
  8594 | D:9      | Reached skill level 7 in Fighting
  8979 | D:10     | Entered Level 10 of the Dungeon
  8989 | D:10     | Noticed a two-headed ogre
  9018 | D:9      | Killed a two-headed ogre
  9018 | D:9      | Reached skill level 8 in Fighting
  9393 | D:10     | Noticed Maurice
  9413 | D:10     | Killed Maurice
  9413 | D:10     | Reached skill level 9 in Fighting
  9413 | D:10     | Reached XP level 11. HP: 71/71 MP: 11/11
  9539 | D:10     | Noticed a two-headed ogre
  9551 | D:10     | Killed a two-headed ogre
  9551 | D:10     | Reached skill level 10 in Fighting
  9743 | D:10     | Reached skill level 1 in Invocations
 10201 | D:11     | Reached ***** piety under the Shining One
 10602 | D:11     | Found Sageg's Jewellery Boutique.
 10617 | D:11     | Bought a cursed +2 ring of evasion for 112 gold pieces
 10617 | D:11     | Bought an uncursed amulet of guardian spirit for 480 gold pieces
 10844 | D:11     | Found a staircase to the Lair.
 10874 | D:11     | Reached skill level 11 in Fighting
 10948 | D:11     | Noticed Snorg
 11370 | D:12     | Found a labyrinth entrance.
 11380 | D:12     | Noticed a brown ugly thing
 11399 | Lab      | Entered a labyrinth
 11471 | Lab      | Noticed a minotaur
 11482 | Lab      | Killed a minotaur
 11518 | D:12     | Killed a brown ugly thing
 11518 | D:12     | Reached skill level 12 in Fighting
 11564 | D:12     | Noticed a manticore
 11582 | D:12     | Killed a manticore
 12163 | D:12     | Found a staircase to the Orcish Mines.
 12201 | D:12     | Reached XP level 12. HP: 82/82 MP: 15/15
 12283 | D:12     | Reached skill level 13 in Fighting
 12850 | D:13     | Noticed a tengu warrior
 12850 | D:13     | Noticed a tengu warrior
 12860 | D:13     | Killed a tengu warrior
 12860 | D:13     | Reached skill level 5 in Invocations
 12871 | D:13     | Killed a tengu warrior
 12924 | D:13     | Noticed a seven-headed hydra
 12928 | D:13     | Killed a seven-headed hydra
 12928 | D:13     | Reached skill level 14 in Fighting
 13363 | D:13     | Identified the cursed +1 falchion "Pony" {venom, rF+ rN+ MP-9 Dex+2} (You found it on level 7 of the Dungeon)
 13444 | D:14     | Noticed a centaur warrior
 13468 | D:14     | Killed a centaur warrior
 13528 | D:14     | Reached ****** piety under the Shining One
 13547 | D:14     | Found a gate to the Vaults.
 13590 | D:14     | Found a frozen archway.
 13621 | IceCv    | Entered an ice cave
 13849 | IceCv    | Reached skill level 15 in Fighting
 14327 | IceCv    | Noticed a frost giant
 15168 | D:14     | Noticed an eight-headed hydra
 15174 | D:14     | Killed an eight-headed hydra
 15174 | D:14     | Reached XP level 13. HP: 55/93 MP: 8/17
 15411 | D:14     | Reached skill level 16 in Fighting
 16071 | D:14     | Reached skill level 17 in Fighting
 17101 | D:11     | Noticed Fannar
 17123 | D:11     | Killed Fannar
 17371 | D:11     | Killed Snorg
 17371 | D:11     | Reached skill level 18 in Fighting
 17396 | Orc:1    | Entered Level 1 of the Orcish Mines
 17482 | Orc:2    | Entered Level 2 of the Orcish Mines
 17571 | Orc:2    | Found a staircase to the Elven Halls.
 17608 | Orc:2    | Noticed a stone giant
 17632 | Orc:2    | Killed a stone giant
 18056 | Orc:2    | Found Ovism's Distillery.
 18068 | Orc:2    | Bought a potion of haste for 160 gold pieces
 18068 | Orc:2    | Bought a potion of berserk rage for 80 gold pieces
 18068 | Orc:2    | Bought a potion of berserk rage for 80 gold pieces
 18094 | Orc:2    | Found Etamomn's Distillery.
 18119 | Orc:2    | Gained mutation: Your large and strong wings let you fly indefinitely. [Gargoyle growth]
 18119 | Orc:2    | Reached XP level 14. HP: 104/104 MP: 19/19
 18123 | Orc:2    | Found a bloodstained altar of Trog.
 18147 | Orc:2    | Found Wesirat's Distillery.
 18913 | Orc:2    | Noticed Rupert
 18919 | Orc:2    | Paralysed by Rupert for 2 turns
 19004 | Orc:2    | Killed Rupert
 19004 | Orc:2    | Reached skill level 19 in Fighting
 19406 | Orc:2    | Found Tuyputoi's Gadget Shop.
 19406 | Orc:2    | Found Xikong's Magic Scroll Shop.
 19406 | Orc:2    | Found Kerrudi's Book Boutique.
 19409 | Orc:2    | Found Qeuruxzome's Armour Boutique.
 19420 | Orc:2    | Bought a scroll of identify for 30 gold pieces
 19420 | Orc:2    | Bought a scroll of identify for 30 gold pieces
 19420 | Orc:2    | Bought a scroll of identify for 30 gold pieces
 19420 | Orc:2    | Bought a scroll of enchant armour for 112 gold pieces
 19420 | Orc:2    | Bought a scroll of identify for 30 gold pieces
 19529 | Orc:2    | Bought a potion of might for 60 gold pieces
 19529 | Orc:2    | Bought a potion of heal wounds for 75 gold pieces
 19529 | Orc:2    | Bought a potion of might for 60 gold pieces
 19529 | Orc:2    | Bought a potion of might for 60 gold pieces
 20013 | Lair:1   | Entered Level 1 of the Lair of Beasts
 20091 | Lair:2   | Found a staircase to the Snake Pit.
 20781 | Lair:1   | Noticed antares's ghost (journeyman DrTm)
 20814 | Lair:1   | Killed antares's ghost
 22072 | Lair:3   | Identified the Volume of Weightlessness and Protection
 22862 | Lair:3   | Reached skill level 20 in Fighting
 23230 | Lair:4   | Found a staircase to the Swamp.
 23405 | Lair:4   | Reached skill level 1 in Armour
 23688 | Lair:4   | Noticed Josephine
 23705 | Lair:4   | Killed Josephine
 24210 | Lair:4   | Noticed Nergalle
 24223 | Lair:4   | Killed Nergalle
 24547 | Lair:4   | Reached skill level 5 in Armour
 24707 | Lair:4   | Reached XP level 15. HP: 81/112 MP: 19/21
 25537 | Lair:5   | Found a white marble altar of Elyvilon.
 25829 | Lair:5   | Found a viscous altar of Jiyva.
 25829 | Lair:5   | Found a staircase to the Slime Pits.
 26380 | Elf:1    | Entered Level 1 of the Elven Halls
 27216 | Elf:1    | Noticed Louise
 27242 | Elf:1    | Killed Louise
 27354 | Elf:1    | Noticed Asterion
 27767 | Elf:1    | HP: 4/112 [hell rat[a deep elf mage] (4)]
 27767 | Elf:1    | Slain by a deep elf mage

Skill      XL: |  1  2  3  4  5  6  7  8  9 10 11 12 13 14 15 |
---------------+----------------------------------------------+-----
Shields        | 1 3 4 |  4.7
Maces & Flails | 5 6 8 10 12 13 | 13.5
Fighting       | 9 12 15 18 20 | 20.0
Invocations    | 4 6 7 8 9 |  9.4
Armour         | 5 9 |  9.2
Dodging        | |  2.4
Stealth        | |  2.1

Action                   |  1- 3 |  4- 6 |  7- 9 | 10-12 | 13-15 || total
-------------------------+-------+-------+-------+-------+-------++-------
Melee: Mace              |   111 |    75 |       |       |       ||   186
       Flail             |       |    77 |   128 |       |   519 ||   724
       Whip              |       |       |   254 |  1046 |  1188 ||  2488
       Great mace        |       |       |       |    17 |       ||    17
       Morningstar       |       |       |       |       |   140 ||   140
       Eveningstar       |       |       |       |       |    31 ||    31
Invok: Divine Shield     |       |     1 |       |       |     3 ||     4
       Cleansing Flame   |       |       |       |       |     1 ||     1
Evoke: Wand              |       |     3 |     1 |    11 |       ||    15
  Use: Scroll            |     4 |     2 |     5 |    12 |    14 ||    37
       Potion            |       |     2 |     4 |    12 |    16 ||    34
 Stab: Sleeping          |     7 |       |       |       |       ||     7
  Eat: Chunk             |     1 |     4 |    12 |    26 |    30 ||    73
       Bread ration      |     1 |       |       |       |     1 ||     2
       Fruit             |       |       |       |     1 |     6 ||     7
Armor: Robe              |    20 |    55 |    25 |       |       ||   100
       Skin              |       |     3 |       |       |       ||     3
       Ring mail         |       |       |    47 |   389 |   754 ||  1190
Dodge: Dodged            |    52 |   109 |   122 |   496 |   908 ||  1687
Block: Buckler           |    19 |    69 |    75 |   291 |   601 ||  1055
